[Event "Team 45 45 League T82"]
[Site "Internet Chess Club"]
[Date "2019.10.27"]
[Round "5"]
[White "mongmong"]
[Black "noblitz-oblige"]
[Result "1/2-1/2"]
[WhiteElo "1485"]
[BlackElo "1495"]
[Opening "King's Indian: 6.Be2"]
[ECO "E91"]
[Time "09:12:19"]
[TimeControl "2700+45"]

1. d4 Nf6 2. Nf3 g6 3. c4 Bg7 4. Nc3 d6 5. e4 O-O 6. Be2 Nc6 7. d5 Ne5 8. Nxe5
dxe5 9. O-O Bd7 10. Be3 Qc8 11. Rc1 Rd8 12. Qc2 c6 13. Rfd1 Ng4 14. Bxg4 Bxg4
15. f3 Bd7 16. Qd2 f5 17. Bh6 f4 18. Bxg7 Kxg7 19. Qf2 Qc7 20. b4 Qd6 21. c5 Qf6
22. d6 exd6 23. Rxd6 Qe7 24. Rcd1 Be6 25. a3 a6 26. Qd2 Rxd6 27. Qxd6 Qxd6 28.
Rxd6 Kf7 29. Na4 Ke7 30. Nb6 Rd8 31. Rxd8 Kxd8 32. Kf2 Ke7 33. Ke2 Kf6 34. Kd3
Kg5 35. Nc4 Bxc4+ 36. Kxc4 Kf6 37. a4 Ke6 38. b5 Kd7 39. bxa6 bxa6 40. Kb4 Kc7
41. Ka5 Kb7 42. h4 h6 43. Kb4 Kc7 44. Ka5 Kb7 45. Kb4 Kc7 46. Kc4 a5 47. Kd3 Kd7
48. Ke2 Ke6 49. Kf2 Kf6 50. g3 g5 51. Kg2 Kg6 52. Kh3 h5 53. g4 Kh6 54. hxg5+
Kxg5 55. gxh5 Kxh5 56. Kg2 Kh4 57. Kh2 Kg5 58. Kh3 Kh5 59. Kh2 Kh4 60. Kg2 Kg5
61. Kh3 Kh5 62. Kh2 Kh4 63. Kg2 Kg5 64. Kh1 Kh5 65. Kh2 Kh4 66. Kg2 Kg5 67. Kh3
Kh5 68. Kh2 Kh4 69. Kg2 Kg5 70. Kf2 Kh4 71. Kg2 Kg5 72. Kh3 {Game drawn by
repetition} 1/2-1/2

[Event "Team 45 45 League T82"]
[Site "Internet Chess Club"]
[Date "2019.10.28"]
[Round "5"]
[White "OGO"]
[Black "smsxman"]
[Result "0-1"]
[WhiteElo "1206"]
[BlackElo "1382"]
[Opening "Queen's pawn"]
[ECO "A40"]
[Time "13:00:58"]
[TimeControl "2700+45"]

1. d4 e6 2. c4 c5 3. e3 cxd4 4. exd4 Nf6 5. Nc3 Bb4 6. Bd2 Nc6 7. Nf3 O-O 8. Bd3
d6 9. O-O Re8 10. Qc2 e5 11. d5 Nd4 12. Nxd4 exd4 13. Nb5 Bxd2 14. Qxd2 Ne4 15.
Qf4 Qf6 16. Qxf6 Nxf6 17. Nxd6 Re5 18. Nb5 Bf5 19. Bxf5 Rxf5 20. Rac1 a6 21.
Nxd4 Rf4 22. Rfd1 Ne4 23. f3 Nc5 24. b4 Na4 25. Rc2 Rc8 26. a3 Nb6 27. c5 Nxd5
28. Kf2 Nf6 29. Rcd2 g5 30. g3 Ne4+ 31. Ke3 Nxd2 32. gxf4 Nc4+ 33. Ke4 Re8+ 34.
Kd3 Nb2+ 35. Kc2 Nxd1 36. Kxd1 Rd8 {White resigns} 0-1

[Event "Team 45 45 League T82"]
[Site "Internet Chess Club"]
[Date "2019.10.27"]
[Round "5"]
[White "dabodhi"]
[Black "PsyMar"]
[Result "1-0"]
[WhiteElo "1348"]
[BlackElo "1054"]
[Opening "Alekhine's defense: Balogh variation"]
[ECO "B03"]
[Time "12:01:20"]
[TimeControl "2700+45"]

1. e4 Nf6 2. e5 Nd5 3. d4 d6 4. Bc4 e6 5. Nf3 Nb6 6. Bb3 d5 7. Qe2 a5 8. c3 a4
9. Bc2 Nc4 10. Nbd2 c5 11. Nxc4 dxc4 12. Qxc4 Qd5 13. Bxa4+ Bd7 14. Bxd7+ Nxd7
15. Qxd5 exd5 16. Be3 Ra6 17. Ke2 Rg6 18. Nh4 Rg4 19. g3 cxd4 20. cxd4 Be7 21.
f3 Rxh4 22. gxh4 Bxh4 23. Rac1 O-O 24. Rc7 Nb6 25. Rxb7 Nc4 26. b3 Nb2 {Black
resigns} 1-0

[Event "Team 45 45 League T82"]
[Site "Internet Chess Club"]
[Date "2019.10.26"]
[Round "5"]
[White "KidRattler"]
[Black "Bumun"]
[Result "0-1"]
[WhiteElo "1570"]
[BlackElo "1648"]
[Opening "Scandinavian defense"]
[ECO "B01"]
[Time "13:46:58"]
[TimeControl "2700+45"]

1. e4 d5 2. exd5 Nf6 3. Nc3 Nxd5 4. Bc4 Nb6 5. Be2 Nc6 6. Nf3 Bf5 7. d3 e5 8.
Be3 Bb4 9. O-O O-O 10. a3 Bd6 11. Qd2 Qd7 12. Bxb6 axb6 13. Ne4 Be7 14. Ng3 Bg6
15. Rfe1 Bf6 16. Rab1 h5 17. h4 Ra4 18. c4 Rd8 19. Rbd1 Nd4 20. Nxd4 Qxd4 21.
Bxh5 Bxd3 22. b3 Rxa3 23. Qb4 Qb2 24. Rd2 Qxb3 25. Qxb3 Rxb3 26. Red1 Bxh4 27.
Nh1 Bg5 28. Ra2 g6 29. Bf3 e4 30. Be2 Bxe2 31. Rxd8+ Bxd8 32. Rxe2 f5 33. Rd2
Rd3 34. Rxd3 exd3 35. Kf1 Bh4 36. Ke1 Kf7 37. Kd2 Ke6 38. Kxd3 c5 39. g3 Bg5 40.
f3 Bf6 41. Nf2 Bd4 42. Nh3 Kf6 43. Nf4 Bf2 44. Nd5+ Ke5 45. g4 b5 46. f4+ Kd6
47. gxf5 bxc4+ 48. Kxc4 b5+ 49. Kxb5 Kxd5 50. fxg6 Bd4 51. f5 c4 52. Kb4 Bf6 53.
Ka3 Kd4 54. Kb2 Kd3+ 55. Kc1 Kc3 56. Kb1 Kd2 57. Ka2 c3 58. Kb3 c2 59. g7 Bxg7
60. f6 Bxf6 61. Ka2 c1=R 62. Kb3 Rc3+ 63. Ka2 Kc2 64. Ka1 Ra3# {White
checkmated} 0-1

[Event "Team 45 45 League T82"]
[Site "Internet Chess Club"]
[Date "2019.10.26"]
[Round "5"]
[White "BrerRabbit"]
[Black "bardu"]
[Result "1/2-1/2"]
[WhiteElo "1356"]
[BlackElo "1359"]
[Opening "Neo-Grünfeld, 6.cd Nxd5, 7.O-O Nb6"]
[ECO "D76"]
[Time "10:32:27"]
[TimeControl "2700+45"]

1. Nf3 Nf6 2. c4 g6 3. g3 Bg7 4. Bg2 O-O 5. d4 d5 6. cxd5 Nxd5 7. O-O Nb6 8. Nc3
Nc6 9. d5 Na5 10. Qc2 Nxd5 11. Rd1 c6 12. Ne1 Bxc3 13. bxc3 Qc7 14. Bxd5 cxd5
15. Rxd5 Be6 16. Bf4 Qb6 17. Be3 Qa6 18. Rd4 Bf5 19. Qa4 b6 20. Kf1 Bh3+ 21. Ng2
Bxg2+ 22. Kxg2 Qxe2 23. Rad1 Qh5 24. Rd5 e5 25. g4 Qh4 26. Rxe5 Nc6 27. Re4 Qf6
28. Bd4 Nxd4 29. cxd4 Rfd8 30. d5 Rd6 31. Qa3 Rad8 32. Red4 Qe5 33. Qd3 Qe7 34.
Qe3 Qb7 35. Qd3 a5 36. a4 Rb8 37. Rb1 Qd7 38. Rb5 Qa7 39. h3 Qe7 40. Qe3 Qf6 41.
Qf4 Qxf4 42. Rxf4 Rbd8 43. Rd4 Kg7 44. Kf3 Kf6 45. Rd1 Ke5 46. Re1+ Kd4 47. Rd1+
Ke5 48. Re1+ Kd4 49. Re4+ Kc3 50. Re3+ {Game drawn by mutual agreement} 1/2-1/2

[Event "Team 45 45 League T82"]
[Site "Internet Chess Club"]
[Date "2019.10.28"]
[Round "5"]
[White "guyd52"]
[Black "pagliaci"]
[Result "1/2-1/2"]
[WhiteElo "1253"]
[BlackElo "1233"]
[Opening "Réti: King's Indian attack (Barcza system)"]
[ECO "A07"]
[Time "19:30:54"]
[TimeControl "2700+45"]

1. Nf3 d5 2. g3 c6 3. Bg2 Nf6 4. c3 Bg4 5. d3 Nbd7 6. Nbd2 e5 7. O-O Bc5 8. b4
Bb6 9. e4 dxe4 10. dxe4 O-O 11. Qc2 Rc8 12. Nc4 Qc7 13. Nxb6 Qxb6 14. Be3 Qb5
15. Bxa7 b6 16. h3 Bh5 17. Rfe1 Qa6 18. Bxb6 Qxb6 19. Re3 Rfd8 20. a4 Bg6 21. a5
Qb5 22. Bf1 Qb7 23. Bc4 c5 24. Ra4 Bxe4 25. Qe2 Qc6 26. Bb5 Qa8 27. Nd2 Bc6 28.
Bxc6 Qxc6 29. b5 Qa8 30. c4 Rb8 31. g4 Ne8 32. Ne4 f6 33. f3 Rb7 34. Kf2 {Game
drawn by mutual agreement} 1/2-1/2

[Event "Team 45 45 League T82"]
[Site "Internet Chess Club"]
[Date "2019.10.26"]
[Round "5"]
[White "isaac13"]
[Black "Conjurer"]
[Result "1-0"]
[WhiteElo "1156"]
[BlackElo "1197"]
[Opening "English: symmetrical variation"]
[ECO "A37"]
[Time "13:07:34"]
[TimeControl "2700+45"]

1. c4 c5 2. Nc3 Nc6 3. g3 g6 4. Bg2 Bg7 5. Nf3 e6 6. O-O Nge7 7. e4 Ne5 8. d4
cxd4 9. Nxd4 Nxc4 10. Qb3 Na5 11. Qb4 O-O 12. Bg5 Nac6 13. Nxc6 Nxc6 14. Bxd8
Nxb4 15. Be7 Nc2 16. Bxf8 Nxa1 17. Bxg7 Nc2 18. Bf6 Nb4 19. Bf3 d6 20. a3 Nc6
21. Rd1 Ne5 22. Bg2 Nc4 23. Nb5 Bd7 24. Nxd6 Ba4 25. Rd4 Nxd6 26. Rxd6 Bc6 27.
Rd8+ Rxd8 28. Bxd8 Kf8 29. Bf6 Ke8 30. e5 Kd7 31. Bxc6+ Kxc6 32. f4 Kc5 33. Be7+
Kc4 34. Bb4 b5 35. Kf2 Kd4 36. Ke2 a6 37. Kf3 h5 38. h3 Kd3 39. Bc3 Kc2 40. Ke3
a5 41. Bxa5 Kxb2 42. Bb4 Kb3 43. Kd4 Ka4 44. Kc5 {Black resigns} 1-0

[Event "Team 45 45 League T82"]
[Site "Internet Chess Club"]
[Date "2019.10.26"]
[Round "5"]
[White "liujf"]
[Black "Hectormercado"]
[Result "1-0"]
[WhiteElo "1565"]
[BlackElo "1520"]
[Opening "Scandinavian: Pytel-Wade variation"]
[ECO "B01"]
[Time "19:10:07"]
[TimeControl "2700+45"]

1. e4 d5 2. exd5 Qxd5 3. Nc3 Qd6 4. d4 Nf6 5. Nf3 a6 6. Ne5 Nc6 7. Nxc6 Qxc6 8.
d5 Qd6 9. Be2 e6 10. dxe6 Bxe6 11. O-O O-O-O 12. Qxd6 Bxd6 13. Bg5 h6 14. Bxf6
gxf6 15. Bf3 Rdg8 16. Rad1 Rg6 17. Rfe1 Rhg8 18. g3 f5 19. Bd5 Bxd5 20. Nxd5 f4
21. Ne7+ Bxe7 22. Rxe7 fxg3 23. hxg3 f5 24. Kf1 f4 25. gxf4 h5 26. Rdd7 Rc6 27.
c3 Rf8 28. Rf7 Rxf7 29. Rxf7 Rb6 30. b3 Rc6 31. c4 Rg6 32. f5 Rg5 33. f6 h4 34.
Rh7 Rf5 35. f7 Kd8 36. Kg2 h3+ 37. Kg3 h2 38. f4 Rxf7 39. Rxh2 Rg7+ 40. Kf3 Rf7
41. Rh5 Ke7 42. Re5+ Kd6 43. Ke4 Rh7 44. c5+ Kd7 45. f5 Rh4+ 46. Kf3 Rh2 47. Kg4
Rxa2 48. Kg5 Rg2+ 49. Kf6 Rg3 50. Kf7 Rxb3 51. Rd5+ Kc6 52. Re5 a5 53. Ke7 a4
54. f6 a3 55. f7 a2 56. f8=Q {Black resigns} 1-0

[Event "Team 45 45 League T82"]
[Site "Internet Chess Club"]
[Date "2019.10.23"]
[Round "5"]
[White "Balderdash"]
[Black "dld6928"]
[Result "0-1"]
[WhiteElo "1297"]
[BlackElo "1317"]
[Opening "Four knights: Scotch, 4...exd4"]
[ECO "C47"]
[Time "21:01:17"]
[TimeControl "2700+45"]

1. e4 e5 2. Nf3 Nc6 3. Nc3 Nf6 4. d4 exd4 5. Nxd4 Be7 6. Nf5 O-O 7. Nd5 Nxd5 8.
Qxd5 Re8 9. Bc4 Rf8 10. Bd2 Nb4 11. Nxe7+ Qxe7 12. Bxb4 Qxb4+ 13. c3 Qxb2 14.
O-O Qxc3 15. Rac1 Qf6 16. e5 Qe6 17. Qe4 Qb6 18. Bd3 g6 19. Rb1 Qa5 20. a4 Re8
21. Rb5 Qc3 22. Rfb1 a6 23. R5b4 Rxe5 24. Rc4 Rxe4 25. Rxc3 Rxa4 26. Rxc7 d5 27.
Re1 Bf5 28. Bxf5 gxf5 29. h3 Re4 30. Rec1 b5 31. Rd7 d4 32. f3 Re2 33. Rxd4 Re5
34. Rf4 a5 35. g4 fxg4 36. Rxg4+ Kf8 37. Kf2 a4 38. Rcg1 Ke7 39. Rc1 a3 40. Rc7+
Kd6 41. Rc1 Rc5 42. Ra1 Rc4 43. Rgg1 b4 44. Rgd1+ Ke6 45. Rd2 b3 46. Re2+ Kd6
47. Rd2+ Kc5 48. Rad1 Rc2 49. Rxc2+ bxc2 50. Rc1 Kd6 51. Ke2 a2 52. Kd2 a1=Q 53.
Rxa1 Rxa1 54. Kxc2 Rf1 55. Kd2 Rxf3 56. Ke2 Rxh3 57. Kf2 Rh6 58. Kg3 Rg6+ 59.
Kf2 h5 60. Kf3 h4 61. Kf4 h3 62. Ke4 h2 63. Kf5 h1=Q 64. Kf4 Qh4+ 65. Ke3 Rg3+
66. Kf2 Ra3+ 67. Ke2 Qh2+ {White resigns} 0-1

[Event "Team 45 45 League T82"]
[Site "Internet Chess Club"]
[Date "2019.10.25"]
[Round "5"]
[White "Pawnchain"]
[Black "howah45"]
[Result "1-0"]
[WhiteElo "1394"]
[BlackElo "1205"]
[Opening "Queen's pawn, Mason variation"]
[ECO "D00"]
[Time "13:01:20"]
[TimeControl "2700+45"]

1. d4 d5 2. Bf4 Bf5 3. e3 Nf6 4. Nf3 e6 5. c3 c5 6. Qa4+ Qd7 7. Bb5 Nc6 8. Ne5
Qc8 9. Nxc6 bxc6 10. Bxc6+ Kd8 11. Qa5+ Ke7 12. Bxa8 Qxa8 13. dxc5 Qb7 14. O-O
Ke8 15. Qa4+ Kd8 16. c6 Qa8 17. c7+ Kc8 18. Nd2 Bc5 19. Nf3 Bb6 20. Nd4 Bxc7 21.
Bxc7 Kxc7 22. Qa5+ Kc8 23. Nb5 Qb8 24. Nxa7+ Kd7 25. Qa4+ Kd6 26. Qa6+ Kc7 27.
b4 Qa8 28. Nb5+ Kb8 29. Qd6+ Kb7 30. a4 Qa6 31. Qc7+ Ka8 32. Qxf7 Rg8 33. Nc7+
{Black resigns} 1-0